 Dungeon Crawl Stone Soup version 0.30-a0-718-geaa24f58ff (webtiles) character file.

Game seed: 2583591426357921778

366 gelatine the Magician (level 6, -1/41 HPs)
             Began as a Demonspawn Fire Elementalist on Jan 26, 2023.
             Slain by a gnoll
             ... wielding a +0 halberd
              (11 damage)
             ... on level 4 of the Dungeon.
             The game lasted 00:07:35 (3723 turns).

gelatine the Magician (DsFE)                        Turns: 3723, Time: 00:07:36

Health: -1/41      AC:  4    Str:  9    XL:     6   Next: 40%
Magic:  7/12       EV: 12    Int: 18    God:
Gold:   250        SH:  0    Dex: 13    Spells: 12/13 levels left

rFire   . . .      SeeInvis .    l - +1 hand axe (venom)
rCold   . . .      Faith    .    (no shield)
rNeg    . . .      Spirit   .    a - +0 robe
rPois   .          Reflect  .    m - +0 helmet
rElec   .          Harm     .    q - +0 cloak
rCorr   .          Rampage  .    (no gloves)
Will    .....                    (no boots)
Stlth   ++                       k - amulet of regeneration
HPRegen 1.06/turn                (no ring)
MPRegen 0.13/turn                (no ring)

@: no status effects
A: weakness stinger 2, demonic touch 1
a: no special abilities


You were on level 4 of the Dungeon.
You visited 1 branch of the dungeon, and saw 4 of its levels.

You collected 250 gold pieces.

Inventory:

Hand Weapons
 l - a +1 hand axe of venom (weapon)
Armour
 a - a +0 robe (worn)
 m - a +0 helmet (worn)
 q - a +0 cloak (worn)
Jewellery
 k - an amulet of regeneration (around neck)
Scrolls
 c - 2 scrolls of enchant armour {unknown}
 e - a scroll of enchant weapon {unknown}
 f - 2 scrolls of blinking {unknown}
 g - 3 scrolls of identify {unknown}
 h - a scroll of magic mapping {unknown}
 n - a scroll of teleportation {unknown}
 p - a scroll of vulnerability {unknown}
Potions
 b - a potion of magic
 d - 2 potions of degeneration {unknown}
 i - 2 potions of cancellation {unknown}
 j - 5 potions of curing {unknown}
 o - a potion of invisibility {unknown}
 r - a potion of brilliance {unknown}


   Skills:
 + Level 1.0 Axes
 + Level 1.9 Dodging
 + Level 2.1 Stealth
 + Level 4.2 Spellcasting
 + Level 3.3 Conjurations
 + Level 4.0 Fire Magic


You had 12 spell levels left.
You knew the following spells:

 Your Spells              Type           Power      Damage    Failure   Level
a - Foxfire               Conj/Fire      64%        2x1d7     3%          1

Your spell library contained the following spells:

 Spells                   Type           Power      Damage    Failure   Level
 Scorch                   Fire           36%        2d7       4%          2
 Beastly Appendage        Tmut           6%         N/A       14%         1
 Freeze                   Ice            12%        1d3       14%         1
 Inner Flame              Hex/Fire       11%        N/A       19%         3
 Wereblood                Tmut           3%         N/A       22%         2
 Hailstorm                Conj/Ice       9%         3d4       22%         3
 Kindle Blastsparks       Fire/Tloc/Air  16%        2d11      26%         3
 Flame Wave               Conj/Fire      16%        2d7       32%         4
 Frozen Ramparts          Ice            6%         1d1       41%         3
 Ozocubu's Armour         Ice            3%         N/A       41%         3
 Spider Form              Tmut/Pois      3%         N/A       41%         3
 Anguish                  Hex/Necr       1%         N/A       82%         4
 Enfeeble                 Hex            1%         N/A       100%        7
 Ozocubu's Refrigeration  Ice            1%         4d7       100%        7


Dungeon Overview and Level Annotations

Branches:
Dungeon (4/15)
 Temple: D:4-7

Altars:
Gozag
Ru


Innate Abilities, Weirdness & Mutations

You have a tail ending in a sharp stinger.
Your touch may inflict minor irresistible damage on your foes.


Message History

You conjure some foxfire!
The gnoll closely misses you.
You conjure some foxfire!
The foxfire hits the gnoll!
The gnoll is heavily wounded.
The gnoll hits you from afar with a +0 spear!
You conjure some foxfire!
The foxfire hits the gnoll but does no damage.
The gnoll is heavily wounded.
The foxfire hits the gnoll.
The gnoll is severely wounded.
The foxfire hits the gnoll.
The gnoll is almost dead.
The gnoll hits you but does no damage.
You conjure some foxfire!
The foxfire hits the gnoll but does no damage.
The gnoll is almost dead.
The gnoll completely misses you.
The gnoll hits you from afar with a +0 halberd!
You conjure some foxfire!
The gnoll closely misses you. The gnoll barely misses you.
There is not enough space to conjure foxfire!
The foxfire hits the gnoll.
You kill the gnoll!
The foxfire hits the gnoll.
The gnoll is lightly wounded.
The foxfire hits the gnoll.
The gnoll is heavily wounded.
The foxfire hits the gnoll.
The gnoll is heavily wounded.
The gnoll hits you from afar with a +0 halberd!
The foxfire hits the gnoll.
The gnoll is severely wounded.
The gnoll barely misses you.
You hit the gnoll.
The gnoll is poisoned.
Your touch misses the gnoll.
The gnoll is almost dead.
The gnoll hits you with a +0 halberd!
* * * LOW HITPOINT WARNING * * *
Casting: Foxfire (safe; 3% risk of failure)
Confirm with . or Enter, or press ? or * to list all spells.
You conjure some foxfire!
The gnoll hits you with a +0 halberd!
You die...

####.........##
.......).?......
#......).......#
##.....$.......
............÷..
##..###.....##.
#..##.....#
#...v.g..#
####v@#...!.
#<.#..###
#.÷.#..#
#.#.##..#
#.#.....#
#.####. #.# ..
#.# . #.#


You could see a gnoll (very poisoned, ally target).

Vanquished Creatures
  An ogre (D:4)
  2 orc priests (D:3)
  A hound (D:4)
  A gnoll bouda (D:3)
  8 gnolls
  3 adders
  2 dart slugs
  2 orcs (D:3)
  6 ball pythons
  5 endoplasms
  3 giant cockroaches
  6 goblins
  4 hobgoblins
  2 jackals (D:1)
  2 quokkas (D:1)
  5 bats
  3 frilled lizards
  6 kobolds
  A rat (D:2)
63 creatures vanquished.

Vanquished Creatures (collateral kills)
  A foxfire (D:1)
1 creature vanquished.

Vanquished Creatures (others)
  A gnoll (D:4)
  266 foxfires
267 creatures vanquished.

Grand Total: 331 creatures vanquished

Notes
Turn   | Place    | Note
-------+----------+-------------------------------------------
     0 | D:1      | gelatine the Demonspawn Fire Elementalist began the quest
                  | for the Orb.
     0 | D:1      | Reached XP level 1. HP: 13/13 MP: 3/3
   124 | D:1      | Discovered your monstrous ancestry.
   124 | D:1      | Gained mutation: You have a small tail. [demonic ancestry]
   124 | D:1      | Reached XP level 2. HP: 19/19 MP: 0/5
   880 | D:1      | Gained mutation: Your touch may inflict minor irresistible
                  | damage on your foes. [demonic ancestry]
   880 | D:1      | Reached XP level 3. HP: 24/24 MP: 2/6
  2214 | D:3      | Found an opulent altar of Gozag.
  2457 | D:3      | Found a sacrificial altar of Ru.
  2991 | D:3      | Gained mutation: You have a tail ending in a sharp stinger.
                  | [demonic ancestry]
  2991 | D:3      | Reached XP level 4. HP: 30/30 MP: 2/8
  3296 | D:3      | Reached XP level 5. HP: 32/35 MP: 2/10
  3464 | D:4      | Noticed an ogre
  3468 | D:4      | Killed an ogre
  3469 | D:4      | Reached skill level 1 in Axes
  3530 | D:4      | Reached XP level 6. HP: 41/41 MP: 4/11
  3723 | D:4      | Slain by a gnoll

Illustrated notes

Levels and vault maps discovered:
D:1:      evilmike_arrival_home_sweet_home, layout_basic
D:2:      layout_loops_ring
D:3:      layout_basic, mainiacjoe_overflow_concentric_impassable,
          nicolae_gozag_seed_capital, kennysheep_generic_room_16
D:4:      layout_rooms, fiery_altar_vehumet, minmay_temple_entry_poolview,
          gammafunk_ghost_stat_death

Skill      XL: |  1  2  3  4  5  6 |
---------------+-------------------+-----
Fire Magic     | 3 4 |  4.0
Stealth        | 2 |  2.1
Spellcasting   | 3 4 |  4.2
Conjurations   | 2 3 |  3.3
Axes           | 1 |  1.0
Dodging        | |  1.9

Action                     |  1- 3 |  4- 6 || total
---------------------------+-------+-------++-------
  Melee: Unarmed           |     3 |       ||     3
         Hand axe          |     4 |    15 ||    19
         Tailslap          |     1 |     1 ||     2
         Touch             |       |     4 ||     4
   Cast: Foxfire           |    99 |    60 ||   159
 Armour: Robe              |     2 |     6 ||     8
  Dodge: Dodged            |    10 |    18 ||    28

Table legend: (Time is in decaauts)
 A = Elapsed time spent in this place.
 B = Non-inter-level travel time spent in this place.
 C = Inter-level travel time spent in this place.
 D = Time resting spent in this place.
 E = Time spent auto-exploring this place.
 F = Levels seen in this place.
 G = Mean time per level.
                   A        B        C        D        E       F      G
               +--------+--------+--------+--------+--------+-----+--------+
         Total |   3728 |   3631 |     97 |      0 |   3211 |   4 |  932.0 |
       Dungeon |   3728 |   3631 |     97 |      0 |   3211 |   4 |  932.0 |
               +--------+--------+--------+--------+--------+-----+--------+

Top non-repeatable levels by time:
     D:1: 1410 daAuts
     D:3: 1373 daAuts
     D:2: 789 daAuts
     D:4: 155 daAuts
